 Dungeon Crawl Stone Soup version 0.31-a0-4-gefa6de2278 (webtiles) character file.

Game seed: 461450360636829459

24 subawu the Conjurer (level 2, 0/11 HPs)
             Began as a Felid Conjurer on May 4, 2023.
             Slain by a goblin
             ... wielding a +0 dagger
              (3 damage)
             ... on level 2 of the Dungeon.
             The game lasted 00:05:53 (1315 turns).

subawu the Conjurer (Felid Conjurer)                Turns: 1315, Time: 00:05:54

Health: 0/11       AC:  1    Str:  3    XL:     2   Next: 79%
Magic:  6/6        EV: 17    Int: 19    God:
Gold:   56         SH:  0    Dex: 14    Spells: 2/5 levels left
                                        Lives:  0   Deaths: 0

rFire   . . .        (weapon unavailable)
rCold   . . .        (shield unavailable)
rNeg    . . .        (body armour unavailable)
rPois   .            (helmet unavailable)
rElec   .            (cloak unavailable)
rCorr   .            (gloves unavailable)
SInv    +            (boots unavailable)
Will    .....        (no amulet)
Stlth   ++           (no ring)
HPRegen 0.21/turn    (no ring)
MPRegen 0.10/turn

%: no passive effects
@: quick
A: very small, claws 1, fangs 3, see invisible, speed 1, shaggy fur 1, stealthy
paws, no weapons or thrown items, no armour, multi-lived
a: no special abilities


You were on level 2 of the Dungeon.
You visited 1 branch of the dungeon, and saw 2 of its levels.

You collected 56 gold pieces.

Inventory:

Hand Weapons
 d - a +1 vampiric club
Missiles
 c - 14 stones
Armour
 e - a +0 cloak
 k - a +0 pair of boots
Scrolls
 j - a scroll of enchant weapon
Potions
 a - a potion of magic
 f - a potion of mutation
 g - a potion of lignification {unknown}


   Skills:
 + Level 0.1 Fighting
 + Level 3.2 Dodging
 + Level 2.8 Stealth
 + Level 0.4 Unarmed Combat
 + Level 2.0 Spellcasting
 + Level 4.0 Conjurations


You had 2 spell levels left.
You knew the following spells:

 Your Spells              Type           Power      Damage    Failure   Level
a - Magic Dart            Conj           68%        1d6       3%          1
b - Searing Ray           Conj           34%        2d5       4%          2

Your spell library contained the following spells:

 Spells                   Type           Power      Damage    Failure   Level
 Call Imp                 Summ           2%         N/A       26%         2
 Dazzling Flash           Conj/Hex       18%        N/A       22%         3
 Mephitic Cloud           Conj/Pois/Air  7%         N/A       28%         3
 Fulminant Prism          Conj/Hex       4%         3d5       58%         4
 Iskenderun's Mystic Bla  Conj/Tloc      9%         2d4       58%         4


Dungeon Overview and Level Annotations

Branches:
Dungeon (2/15)

Altars:


Innate Abilities, Weirdness & Mutations

You have sharp claws.
You have razor-sharp teeth.
You have supernaturally acute eyesight. (SInv)
You cover ground quickly. (Speed+)
You are covered in fur. (AC +1)
Your paws help you pounce on unaware monsters.
You are incapable of wielding weapons or throwing items.
You cannot wear armour.
You gain extra lives every three experience levels.


Message History

It is a scroll of identify.
f - a potion of mutation Your surroundings suddenly seem different.
There is an open door here.
There is an open door here.
Found 15 gold pieces.
You now have 56 gold pieces (gained 15).
There is an open door here.
You see here a +0 short sword.
There is a stone staircase leading down here.
You climb downwards.
The hobgoblin shouts!
You hear a shout!
Found six hammers, 2 smoky golden potions and a thin steel amulet.
Found a stone staircase leading up.
There is a stone staircase leading up here.
A goblin comes into view. It is wielding a +0 dagger.
Found six hammers.
The bat barely misses you. The goblin closely misses you.
You see here a +0 hammer.
The bat hits you.
You see here a +0 hammer.
You barely miss the bat. The bat closely misses you. The bat misses you.
You scratch the hobgoblin.
The hobgoblin is severely wounded.
The bat misses you. The goblin hits you with a +0 dagger.
The hobgoblin hits you.
You closely miss the hobgoblin.
You claw the hobgoblin, but do no damage.
The hobgoblin is severely wounded.
The bat closely misses you. The hobgoblin closely misses you.
The goblin hits you with a +0 dagger.
You scratch the hobgoblin.
You kill the hobgoblin!
The bat barely misses you. The goblin hits you with a +0 dagger.
* * * LOW HITPOINT WARNING * * *
You scratch the bat. You bite the bat.
You kill the bat!
The goblin completely misses you. The goblin hits you with a +0 dagger.
You die...

....# ...# #..#
#..##########
#<.#...."....
####..#.!.......
##P)))...........
#P))@............
#.)P)g)#..<.......
#.#.P))###.........
# ###### #....!....
#######... #.


You could see a goblin.

Vanquished Creatures
  2 dart slugs (D:1)
  A ball python (D:1)
  2 goblins (D:1)
  2 hobgoblins
  3 jackals (D:1)
  5 bats
  A frilled lizard (D:1)
  2 kobolds (D:1)
18 creatures vanquished.

Notes
Turn   | Place    | Note
-------+----------+-------------------------------------------
     0 | D:1      | subawu the Felid Conjurer began the quest for the Orb.
     0 | D:1      | Reached XP level 1. HP: 7/7 MP: 4/4
   211 | D:1      | Reached XP level 2. HP: 11/11 MP: 6/6
   231 | D:1      | Learned a level 2 spell: Searing Ray
   374 | D:1      | Found a faded altar of an unknown god.
   553 | D:1      | Reached skill level 4 in Conjurations
  1315 | D:2      | Slain by a goblin

Illustrated notes

Levels and vault maps discovered:
D:1:      lordsloth_arrival_two_stooges, layout_basic,
          shapermc_ecumenical_altar_venn
D:2:      minmay_angry_zag, layout_rooms, basic_altar, serial_aquarium,
          aquarium_bridge_straight [aquarium_subvault_bridge,
          aquarium_subvault_balcony, aquarium_subvault_bridge,
          aquarium_subvault_wall], aquarium_window_corner, aquarium_window_fake,
          aquarium_view_2b, aquarium_balcony_3b, aquarium_pool_side,
          uniq_crazy_yiuf_cottage

Skill      XL: |  1  2 |
---------------+-------+-----
Dodging        | 3 |  3.2
Conjurations   | 4 |  4.0
Fighting       | |  0.1
Stealth        | |  2.8
Unarmed Combat | |  0.4
Spellcasting   | |  2.0

Action                     || total
---------------------------++-------
  Melee: Unarmed           ||    53
         Bite              ||     6
         Punch             ||     1
   Cast: Magic Dart        ||     4
         Searing Ray       ||     1
    Use: Scroll            ||     6
   Stab: Sleeping          ||     1
 Armour: Skin              ||    10
  Dodge: Dodged            ||   103

Table legend: (Time is in decaauts)
 A = Elapsed time spent in this place.
 B = Non-inter-level travel time spent in this place.
 C = Inter-level travel time spent in this place.
 D = Time resting spent in this place.
 E = Time spent auto-exploring this place.
 F = Levels seen in this place.
 G = Mean time per level.
                   A        B        C        D        E       F      G
               +--------+--------+--------+--------+--------+-----+--------+
         Total |   1103 |    968 |    135 |    160 |      0 |   2 |  551.5 |
       Dungeon |   1103 |    968 |    135 |    160 |      0 |   2 |  551.5 |
               +--------+--------+--------+--------+--------+-----+--------+

Top non-repeatable levels by time:
     D:1: 1091 daAuts
     D:2: 11 daAuts
